 Dungeon Crawl Stone Soup version 0.30.0-30-g96aa6591b8 (webtiles) character file.

Game seed: 7131459478191004067

61 Pepete the Shield-Bearer (level 4, 0/54 HPs)
             Began as a Formicid Fighter on June 28, 2023.
             Slain by a gnoll
             ... wielding a +0 spear
              (2 damage)
             ... on level 2 of the Dungeon.
             The game lasted 00:02:16 (1276 turns).

Pepete the Shield-Bearer (Formicid Fighter)         Turns: 1276, Time: 00:02:17

Health: 0/54       AC: 22    Str: 21 (23) XL:     4   Next: 27%
Magic:  4/4        EV:  2    Int:  5 (7)  God:
Gold:   31         SH:  4    Dex: 10 (13) Spells: 3/3 levels left

rFire   . . .        a - +0 long sword (freeze)
rCold   . . .        c - +0 buckler
rNeg    . . .        h - melded +0 chain mail
rPois   +            (helmet unavailable)
rElec   .            (cloak currently unavailable)
rCorr   .            (gloves currently unavailable)
SInv    .            (boots currently unavailable)
Will    .....        (no amulet)
Stlth   +            (no ring)
HPRegen 0.29/turn    (no ring)
MPRegen 0.09/turn

%: no passive effects
@: tree-form (expiring)
A: stationary, stasis, torment immunity, boosted hp, permanent stasis, dig
shafts and tunnels, (antennae 3), four strong arms
a: no special abilities


You were on level 2 of the Dungeon.
You were a tree.
You visited 1 branch of the dungeon, and saw 2 of its levels.

You collected 31 gold pieces.

Inventory:

Hand Weapons
 a - a +0 long sword of freezing (weapon)
Armour
 b - a +0 scale mail
 c - a +0 buckler (worn)
 h - a +0 chain mail (melded)
Scrolls
 g - a scroll of identify {unknown}
 i - a scroll of noise {unknown}
 j - a scroll of fear {unknown}


   Skills:
 * Level 3.6 Fighting
 * Level 0.9(2.0) Short Blades
 * Level 2.8(2.9) Long Blades
 * Level 4.0 Armour
 * Level 4.3 Shields


You had 3 spell levels left.
You didn't know any spells.
Your spell library was empty.

Dungeon Overview and Level Annotations

Branches:
Dungeon (2/15)

Altars:


Innate Abilities, Weirdness & Mutations

You are a tree.
Your roots penetrate the ground, keeping you stationary.
You cannot be teleported.
You are immune to unholy pain and torment.
Your maximum health is greatly increased.
Your equipment is partially melded.
You cannot be hasted, slowed, berserked, paralysed or teleported.
You can dig through walls and to a lower floor.
((You have a pair of large antennae on your head. (SInv)))
Your four strong arms can wield two-handed weapons with a shield.


Message History

You hit the gnoll but do no damage. The gnoll hits you but does no damage.
You block the gnoll's attack.
You hit the gnoll. You freeze the gnoll.
The gnoll is heavily wounded.
The gnoll hits you but does no damage. x2
You hit the gnoll but do no damage.
The gnoll is heavily wounded.
The gnoll hits you but does no damage. x2; You block the gnoll's attack.
The gnoll hits you from afar with a +0 spear.
* * * LOW HITPOINT WARNING * * *
You barely miss the gnoll.
The gnoll is heavily wounded.
The gnoll hits you but does no damage. You block the gnoll's attack.
You hit the gnoll. You freeze the gnoll.
The gnoll is severely wounded.
The gnoll hits you but does no damage. x2
It was a potion of degeneration.
There was something very wrong with that liquid.
You feel weakened.
You feel dopey.
You feel clumsy. The gnoll barely misses you.
The gnoll hits you with a +0 whip.
* * * LOW HITPOINT WARNING * * *
You barely miss the gnoll.
The gnoll is severely wounded.
The gnoll hits you but does no damage. x3; You block the gnoll's attack.
You barely miss the gnoll.
The gnoll is severely wounded.
Your transformation is almost over.
The gnoll hits you but does no damage. x2
You closely miss the gnoll.
The gnoll is severely wounded.
The gnoll hits you but does no damage. The gnoll hits you with a +0 whip.
* * * LOW HITPOINT WARNING * * *
You slash the gnoll! You freeze the gnoll.
You kill the gnoll!
The gnoll hits you but does no damage. x2
You cannot move.
You cannot move.
You cannot move.
The gnoll hits you from afar with a +0 spear.
You die...

... #.# #.#
#.# #$. #.#g#
#.#)# { #.#♣#
#.#.# #.#.#
#.#.# # #.#.#
#(.#####'#'##
#...........#
#####
#..###......#
...##.#..#
#......#


You could see a gnoll.

Vanquished Creatures
  3 gnolls (D:2)
  A worm (D:2)
  A dart slug (D:1)
  4 bats (D:1)
  An endoplasm (D:2)
  A giant cockroach (D:1)
  3 goblins (D:1)
  2 hobgoblins
  2 quokkas (D:1)
  3 ball pythons
  4 frilled lizards
  2 kobolds
  3 rats (D:1)
30 creatures vanquished.

Notes
Turn   | Place    | Note
-------+----------+-------------------------------------------
     0 | D:1      | Pepete the Formicid Fighter began the quest for the Orb.
     0 | D:1      | Reached XP level 1. HP: 18/18 MP: 1/1
     2 | D:1      | Noticed a naga
     2 | D:1      | Noticed a demigod
     4 | D:1      | Noticed an ogre
     4 | D:1      | Noticed a draconian
     6 | D:1      | Noticed an octopode
     6 | D:1      | Noticed a spriggan
     8 | D:1      | Noticed a vine stalker
     8 | D:1      | Noticed a meteoran
    10 | D:1      | Noticed an elf
    12 | D:1      | Noticed a merfolk
    12 | D:1      | Noticed a vampire
    14 | D:1      | Noticed a troll
    16 | D:1      | Noticed a felid
    16 | D:1      | Noticed a ghoul
    18 | D:1      | Noticed a formicid
    18 | D:1      | Noticed a tengu
    20 | D:1      | Noticed a demonspawn
    20 | D:1      | Noticed a minotaur
    22 | D:1      | Noticed a gargoyle
    22 | D:1      | Noticed a human
    24 | D:1      | Noticed an armataur
    26 | D:1      | Noticed a minotaur
    26 | D:1      | Noticed a minotaur
   132 | D:1      | Reached XP level 2. HP: 13/24 MP: 2/2
   882 | D:1      | Reached XP level 3. HP: 29/29 MP: 3/3
  1261 | D:2      | Reached XP level 4. HP: 9/36 MP: 4/4
  1274 | D:2      | HP: 2/54 [gnoll/+0 whip (4)]
  1276 | D:2      | Slain by a gnoll

Illustrated notes

Levels and vault maps discovered:
D:1:      kb_arrival_jail, layout_basic
D:2:      layout_basic, uniq_terence

Skill      XL: |  1  2  3  4 |
---------------+-------------+-----
Armour         | 4 |  4.0
Fighting       | |  3.6
Short Blades   | |  0.9
Long Blades    | |  2.8
Shields        | |  4.3

Action                     |  1- 3 |  4- 6 || total
---------------------------+-------+-------++-------
  Melee: Long sword        |    96 |    13 ||   109
    Use: Potion            |     2 |     2 ||     4
         Scroll            |     1 |       ||     1
 Armour: Scale mail        |    18 |       ||    18
         Chain mail        |    26 |       ||    26
         Skin              |       |    22 ||    22
  Dodge: Dodged            |    39 |     1 ||    40
  Block: Buckler           |    29 |     4 ||    33
